 Dungeon Crawl Stone Soup version 0.28-a0-697-g47f3eba078 (webtiles) character file.

Game seed: 18021655561664417606

275 cheechan the Bolt Thrower (level 6, 0/41 HPs)
             Began as an Octopode Hunter on Oct 23, 2021.
             Splashed by a jelly's acid (10 damage)
             ... on level 4 of the Dungeon.
             The game lasted 00:22:18 (4293 turns).

cheechan the Bolt Thrower (Octopode Hunter)         Turns: 4293, Time: 00:22:18

Health: 0/41       AC: -3    Str: 12    XL:     6   Next: 25%
Magic:  6/6        EV: 13    Int: 13    God:
Gold:   136        SH:  0    Dex: 14    Spells: 5/5 levels left

rFire   . . .      SeeInvis .   h - +0 triple sword
rCold   . . .      Faith    .   (shield currently unavailable)
rNeg    . . .      Spirit   .   (helmet restricted)
rPois   +          Reflect  .   (no amulet)
rElec   .          Harm     .   k - ring of poison resistance
rCorr   .          Rampage  .   (no ring)
Will    .....                   (no ring)
Stlth   +++.......              (no ring)
HPRegen 0.13/turn               (no ring)
MPRegen 0.10/turn               (no ring)
                                (no ring)
                                (no ring)

@: corroded
A: almost no armour, amphibious, 8 rings, camouflage 1, gelatinous body 1,
(nimble swimmer 1), tentacles
a: no special abilities


You were on level 4 of the Dungeon.
You visited 1 branch of the dungeon, and saw 4 of its levels.

You collected 136 gold pieces.

Inventory:

Hand Weapons
 a - a +1 hand crossbow
 g - a +1 dagger of venom
 h - a +0 triple sword (weapon)
 i - a +0 hand axe
Missiles
 b - 2 throwing nets
 c - a bolt
 e - 131 stones
 f - 37 arrows
Magical Staves
 l - a staff of air
Jewellery
 k - a ring of poison resistance (left tentacle)
Wands
 j - a wand of flame (13) (quivered)
Scrolls
 m - 2 scrolls of fear
Potions
 d - 2 potions of haste
 n - a potion of mutation
 o - a potion of heal wounds {unknown}


   Skills:
 + Level 2.9 Fighting
 + Level 1.3 Long Blades
 + Level 5.9 Crossbows
 + Level 2.3 Dodging
 * Level 3.7 Stealth
 + Level 1.0 Evocations


You had 5 spell levels left.
You didn't know any spells.
Your spell library contained the following spells:

 Spells                   Type           Power      Damage    Failure   Level
 Call Canine Familiar     Summ           0%         N/A       67%         3
 Portal Projectile        Hex/Tloc       0%         N/A       67%         3
 Leda's Liquefaction      Hex/Erth       0%         N/A       97%         4


Dungeon Overview and Level Annotations

Branches:
Dungeon (4/15)
 Temple: D:4-7

Altars:
Vehumet


Innate Abilities, Weirdness & Mutations

You cannot wear most types of armour.
You are amphibious.
You can wear up to eight rings at the same time.
Your skin changes colour to match your surroundings (Stealth+).
Your rubbery body absorbs attacks. (AC +1, EV +1)
((You are camouflaged near water. (Stealth+)))
You have tentacles for arms and can constrict up to eight enemies at once.


Message History

You start resting.
HP restored.
Found a puce potion.
o - a puce potion
Found a stone staircase leading down.
A jelly comes into view.
Found a stone staircase leading down.
The jelly quivers.
Fire: 2 bolts
Press: ? - help, Q - select action, (/) - cycle Shift-Dir - straight line, f - jelly
Aim: a jelly (91% to hit)
You shoot a bolt. The bolt hits the jelly.
The jelly is lightly wounded.
h - a +0 triple sword (weapon)
The jelly hits you. The acid corrodes you!
You are splashed with acid!
You hit the jelly.
Your tentacles burn!
The jelly is moderately wounded.
The jelly hits you. The acid corrodes you!
You are splashed with acid!
You barely miss the jelly.
You squeeze the jelly, but do no damage.
The jelly is moderately wounded.
The jelly hits you. The acid corrodes you!
You are splashed with acid.
The jelly hits you.
* * * LOW HITPOINT WARNING * * *
You are splashed with acid!
* * * LOW HITPOINT WARNING * * *
Okay, then.
The jelly jiggles.
You see here a bolt.
You are no longer corroded.
You hit the jelly. The acid corrodes you!
Your tentacles burn!
You squeeze the jelly.
The jelly is lightly wounded.
The jelly barely misses you. x2
You slash the jelly!
Your tentacles burn!
The jelly is heavily wounded.
The jelly hits you.
* * * LOW HITPOINT WARNING * * *
You are splashed with acid!
You die...

#.###.#### #.# #.# #.#
#.############# #.#
#.........(..>####### #.#
#..#####............. #
#.# #..# #.####.####.#
#.#.###..#####.# #.#
#..............####.####^#
########.##....@J..>.....#
#.##.#..###...#####
#.##.#............
#.##.##.###...####
#.#...#.# ##.## #........
..# ###...#.## ### #.


You could see a jelly.

Vanquished Creatures
  A necrophage (D:4)
  A jelly (D:4)
  3 gnolls (D:3)
  4 adders
  4 worms
  4 dart slugs
  3 orcs (D:3)
  8 ball pythons
  3 endoplasms
  5 giant cockroaches
  4 goblins
  3 hobgoblins
  2 quokkas
  10 bats
  5 frilled lizards
  7 kobolds
  7 rats
74 creatures vanquished.

Notes
Turn   | Place    | Note
-------+----------+-------------------------------------------
     0 | D:1      | cheechan the Octopode Hunter began the quest for the Orb.
     0 | D:1      | Reached XP level 1. HP: 14/14 MP: 1/1
   244 | D:1      | Reached XP level 2. HP: 19/19 MP: 2/2
   670 | D:1      | Reached XP level 3. HP: 24/24 MP: 3/3
  1424 | D:2      | Found a faded altar of an unknown god.
  1683 | D:2      | Reached skill level 5 in Crossbows
  1683 | D:2      | Reached XP level 4. HP: 25/30 MP: 4/4
  2645 | D:3      | Found a radiant altar of Vehumet.
  3171 | D:3      | Reached XP level 5. HP: 29/35 MP: 5/5
  3965 | D:4      | Noticed a necrophage
  3974 | D:4      | Killed a necrophage
  3975 | D:4      | Reached skill level 1 in Long Blades
  3975 | D:4      | Reached XP level 6. HP: 37/41 MP: 6/6
  3990 | D:4      | Reached skill level 1 in Evocations
  4293 | D:4      | Splashed by a jelly's acid

Illustrated notes

Levels and vault maps discovered:
D:1:      dpeg_arrival_arbitrary_a, layout_loops_ring
D:2:      layout_basic, basic_ecumenical_altar
D:3:      layout_basic, vehumet_altar_wand_db, minivault_4
D:4:      minmay_recursive_quarters, layout_loops_ring, uniq_blork_the_orc

Skill      XL: |  1  2  3  4  5  6 |
---------------+-------------------+-----
Stealth        | 2 3 |  3.7
Crossbows      | 5 |  5.9
Long Blades    | 1 |  1.3
Evocations     | 1 |  1.0
Fighting       | |  2.9
Dodging        | |  2.3

Action                   |  1- 3 |  4- 6 || total
-------------------------+-------+-------++-------
Melee: Triple sword      |       |    25 ||    25
       Tentacles         |       |     7 ||     7
       Constrict         |       |     5 ||     5
       Hand crossbow     |       |     3 ||     3
 Fire: Hand crossbow     |    86 |    54 ||   140
Evoke: Wand              |       |     8 ||     8
  Use: Scroll            |     5 |     4 ||     9
 Stab: Sleeping          |       |     1 ||     1
Armor: Skin              |     7 |     3 ||    10
Dodge: Dodged            |    22 |    41 ||    63

Table legend: (Time is in decaauts)
 A = Elapsed time spent in this place.
 B = Non-inter-level travel time spent in this place.
 C = Inter-level travel time spent in this place.
 D = Time resting spent in this place.
 E = Time spent auto-exploring this place.
 F = Levels seen in this place.
 G = Mean time per level.
                   A        B        C        D        E       F      G
               +--------+--------+--------+--------+--------+-----+--------+
         Total |   4341 |   4341 |      0 |   1125 |      0 |   4 | 1085.2 |
       Dungeon |   4341 |   4341 |      0 |   1125 |      0 |   4 | 1085.2 |
               +--------+--------+--------+--------+--------+-----+--------+

Top non-repeatable levels by time:
     D:3: 1430 daAuts
     D:2: 1391 daAuts
     D:1: 960 daAuts
     D:4: 559 daAuts
